Unix NetHack Version 5.0.0-0 post-release - last build Jun 10 2026 00:39:30 (3ee93aec679c4c4259841fe613dc97188e26a321,branch:main).

Game began 2026-06-29 11:25:57, ended 2026-06-29 12:08:04.

Ch3Begorrah, chaotic male human Rogue

                                                                        ------
                                                                        |....|
                                               -----                    |...'|
                                               |...          #####      +<...|
                                               |..           #          --.---
                                               |..           #         ##[#
                                               |.            #        ##
                                                .            #        #
                                                ######  ######       -.-----
                                               ###0########          |.._..|
                                                          ##)#       |.....|
                                                       -----..---    |...{.|
                                                       |....'.o.|   #-.....|
                                                       |.........####-------
                                                       |....@...|
                                                       -.--------

Ch3Begorrah the Rogue   St:14 Dx:18 Co:16 In:11 Wi:8 Ch:9  Chaotic
Dlvl:8  $:235 HP:0(46) Pw:30(30) AC:1  Xp:6 T:2840 

Latest messages:
 The 2nd dagger hits the plains centaur.
 The 3rd dagger hits the plains centaur.
 The plains centaur swings her crossbow.
 The plains centaur hits!
 The plains centaur misses!
 In what direction? l
 You throw 3 daggers.
 The 1st dagger hits the plains centaur.
 The 2nd dagger hits the plains centaur.
 You kill the plains centaur!
 A - 8 +0 daggers (at the ready) (10 in total).
 You see here a crossbow bolt.
 A - a +0 dagger (at the ready) (11 in total).
 You are beginning to feel hungry.
 You stop waiting.
 What do you want to eat? [mxW or ?*] W
 This lichen corpse tastes okay.
 You finish eating the lichen corpse.
 You see here a crossbow bolt.
 You see here a crossbow bolt.
 E - a crossbow bolt.
 The dog misses the yellow light.
 What do you want to put on? [gY or ?*] g
 You are now wearing a blindfold.
 You can't see any more.
 You hear some noises.
 What do you want to remove? [gQ or ?*] <esc>
 Never mind.
 It explodes!
 You seem unaffected by it.
 What do you want to remove? [gQ or ?*] g
 You were wearing an uncursed blindfold.
 You can see again.
 Your dog eats a plains centaur corpse.
 You hear a chugging sound.
 It misses!
 It hits!
 It misses!
 It hits!
 In what direction? k
 The dagger hits it.
 In what direction? k
 You throw 3 daggers.
 The 1st dagger hits it!
 The 2nd dagger hits it.
 The 3rd dagger hits it.
 It hits!
 It hits again!
 You die...
 Do you want your possessions identified? [ynq] (y) q

Inventory:
 Coins    ('$')
  $ - 235 gold pieces
 Amulets  ('"')
  Q - an uncursed amulet versus poison (being worn)
 Weapons  (')')
  E - a cursed -1 crossbow bolt
  B - 6 cursed -2 darts
  v - a +1 dagger (weapon in right hand)
  A - 7 +0 daggers (at the ready)
 Armor    ('[')
  y - an uncursed +0 helm of brilliance (being worn)
  D - a cursed -2 pair of elven boots named cursed
  P - an uncursed +0 dwarvish roundshield (being worn)
  u - an uncursed +0 dwarvish cloak (being worn)
  h - an uncursed +0 dwarvish mithril-coat (being worn)
 Comestibles  ('%')
  x - an uncursed carrot
  m - 3 uncursed food rations
 Scrolls  ('?')
  U - an uncursed scroll of earth
  q - a blessed scroll of enchant armor
  o - an uncursed scroll of enchant armor
  k - 2 uncursed scrolls of enchant weapon named ok
  R - a cursed scroll of identify
  l - 2 uncursed scrolls of light named ok
  w - an uncursed scroll of magic mapping named ok
  c - an uncursed scroll of remove curse named ok
  X - a cursed scroll of remove curse named cursed
 Spellbooks  ('+')
  S - an uncursed spellbook of cause fear
 Potions  ('!')
  O - an uncursed potion of booze
  L - an uncursed potion of paralysis
  d - an uncursed potion of sickness
 Rings    ('=')
  Y - an uncursed ring of teleportation
 Tools    ('(')
  f - an empty uncursed sack
  g - an uncursed blindfold
  r - an uncursed brass lantern
  p - a cursed can of grease (0:20)
  e - an uncursed lock pick
  N - an uncursed tallow candle
  V - a cursed tallow candle
 Gems/Stones  ('*')
  H - an uncursed citrine stone
  j - an uncursed worthless piece of orange glass
  T - an uncursed worthless piece of white glass
  i - an uncursed worthless piece of yellow glass

Ch3Begorrah the Rogue's attributes:

Background:
 You were a Rogue, level 6 male human.
 You were chaotic, nominally on a mission for Kos
 who was opposed by Issek (lawful) and Mog (neutral).
 You were right-handed.
 You were in the Dungeons of Doom, on level 8.
 You entered the dungeon 2840 turns ago.
 There was a full moon in effect when your adventure ended.
 You had 408 experience points, 232 more were needed to attain level 7.

Basics:
 You had 0 out of 46 hit points.
 You had all 30 energy points (spell power).
 Your armor class was 1.
 Your wallet contained 235 zorkmids.
 Autopickup was on for '$!/(' plus thrown, with exceptions.

Final Characteristics:
 Your strength was 14 (limit:18/100).
 Your dexterity was 18 (limit:18).
 Your constitution was 16 (limit:18).
 Your intelligence was 11 (limit:18).
 Your wisdom was 8 (limit:18).
 Your charisma was 9 (limit:18).

Final Status:
 You weren't hungry.
 You were unencumbered.
 You were wielding a dagger.
 You were skilled in dagger.

Final Attributes:
 You were piously aligned.
 Your items were somewhat protected from fire.
 Your items were somewhat protected from cold.
 You were poison resistant.
 You were stealthy.
 You were guarded.
 You were fast.
 You were lucky.
 You are dead.

Miscellaneous:
 You didn't encounter any bones levels.
 Total elapsed playing time was 42 minutes and 7 seconds.

Major events:
 Turn
    1: Ch3Begorrah the chaotic male human Rogue entered the dungeon
  924: entered the Gnomish Mines
 1197: attained the rank of Cutpurse (level 3)
 2599: attained the rank of Rogue (level 6)
 2840: killed by an invisible dwarf king

You didn't know any spells.

Skills:
 Fighting Skills
   bare handed combat [Unskilled]
   two weapon combat  [Unskilled]
   riding             [Unskilled]
 Weapon Skills
   dagger             [Skilled]
   knife              [Unskilled]
   short sword        [Basic]
   broadsword         [Unskilled]
   long sword         [Unskilled]
   two-handed sword   [Unskilled]
   saber              [Unskilled]
   club               [Unskilled]
   mace               [Unskilled]
   morning star       [Unskilled]
   flail              [Unskilled]
   hammer             [Unskilled]
   polearms           [Unskilled]
   spear              [Unskilled]
   crossbow           [Unskilled]
   dart               [Unskilled]
   shuriken           [Unskilled]
 Spellcasting Skills
   divination spells  [Unskilled]
   escape spells      [Unskilled]
   matter spells      [Unskilled]

Voluntary challenges:
 Character rerolling was not enabled.
 You followed a strict vegan diet.
 You were an atheist.
 You never genocided any monsters.
 You never polymorphed an object.
 You never changed form.
 You used no wishes.
Achievements:
 You entered a shop.
 You entered the Gnomish Mines.
 You attained the rank of Cutpurse.
 You attained the rank of Rogue.

 The Dungeons of Doom: levels 1 to 9
    Level 1:
       A fountain.
    Level 2:
       A general store.
    Level 3:
       A fountain.
    Level 4:
       A fountain.
       Stairs down to The Gnomish Mines.
    Level 5:
       Many fountains.
       Oracle of Delphi.
    Level 6:
       A tool shop.
    Level 7:
    Level 8: <- You were here.
       An altar, a fountain.
       Final resting place for
          you, killed by an invisible dwarf king.
    Level 9:
 The Gnomish Mines:
    Level 5:


Vanquished creatures:
  a small mimic
  2 giant beetles
  a plains centaur
  a mountain nymph
  2 rock piercers
  2 rock moles
  a yellow light
  2 shriekers
  a violet fungus
  2 kobold mummies
  a straw golem
  a giant ant
  a floating eye
  2 dwarves
  2 rothes
 an orc zombie
 an iguana
  2 killer bees
 an acid blob
  a hobbit
  a large kobold
  3 giant rats
  2 cave spiders
  a brown mold
  a yellow mold
  4 gnomes
  3 geckos
  3 jackals
  a fox
  a kobold
  2 goblins
  3 sewer rats
  2 grid bugs
  a bat
  4 lichens
  2 newts
62 creatures vanquished.

No species were genocided or became extinct.

Game over:
                       ----------
                      /          \
                     /    REST    \
                    /      IN      \
                   /     PEACE      \
                  /                  \
                  |   Ch3Begorrah    |
                  |      235 Au      |
                  |   killed by an   |
                  | invisible dwarf  |
                  |       king       |
                  |                  |
                  |       2026       |
                 *|     *  *  *      | *
        _________)/\\_//(\/(/\)/\//\/|_)_______

Goodbye Ch3Begorrah the Rogue...

You died in The Dungeons of Doom on dungeon level 8 with 2294 points,
and 235 pieces of gold, after 2840 moves.
You were level 6 with a maximum of 46 hit points when you died.

